Cogmind - Beta 13 @@@ ROGUE MODE // 2024.03.24 @ 09:34:31 Player: Oldman Pu Result: Destroyed by KT-M8R(R) with Subdweller Beam Cannon Performance ------------- Evolutions (0) 0 Regions Visited (2) 400 Robots Destroyed (26) 130 Value Destroyed (536) 536 Prototype IDs (2) 40 Alien Tech Used (0) 0 Bonus (0) 0 TOTAL SCORE: 1106 Bonus ------- None Cogmind --------- Core Integrity 0/250 Matter 420/450 Energy 183/200 System Corruption 1% Temperature Warm (105) Movement Rolling (130) Ox2 Location -10/Subcaves Parts ------- > --- POWER (1) -------- Subdweller Power Source > --- PROPULSION (2) --- Spiked Treads Subdweller Monowheel > --- UTILITY (2) ------ High-capacity Storage Unit Large Matter Pod > --- WEAPON (2) ------- Medium Laser Assault Rifle > --- INVENTORY (20) --- Ion Engine Ion Engine Ion Engine Subdweller Power Source Spiked Treads Light Armor Plating Scrap Shield Riot Gun Medium Laser Subdweller Laser Beam Cannon Assault Rifle Light Assault Rifle Light Assault Rifle Light Cannon Battle Cannon Subdweller Shrapnel Launcher Peak State ------------ > --- POWER ------------ Subdweller Power Source > --- PROPULSION ------- Spiked Treads Subdweller Monowheel > --- UTILITY ---------- High-capacity Storage Unit Light Armor Plating > --- WEAPON ----------- Medium Laser Assault Rifle > --- INVENTORY -------- Ion Engine Ion Engine Ion Engine Subdweller Power Source Subdweller Power Source Spiked Treads Large Matter Pod Light Armor Plating Scrap Shield Riot Gun Medium Laser Subdweller Laser Beam Cannon Assault Rifle Light Assault Rifle Light Assault Rifle Light Cannon Battle Cannon Subdweller Shrapnel Launcher [Rating: 13] Favorites ----------- Power Ion Engine Engine Ion Engine Propulsion Compact Wheel Treads Spiked Treads Wheel Compact Wheel Utility Light Armor Plating Storage High-capacity Storage Unit Protection Light Armor Plating Weapon Medium Laser Energy Gun Medium Laser Ballistic Gun Assault Rifle Ballistic Cannon Light Cannon Launcher Subdweller Shrapnel Launcher Build | -11 -10 -10 ------- Run | Yrd Mat Sub Slots Evolved . | . . . Power . | . . . Propulsion . | . . . Utility . | . . . Weapon . | . . . Parts Attached 35 | 6 11 18 Power 7 | 1 2 4 Engine 7 | 1 2 4 Core . | . . . Reactor . | . . . Propulsion 10 | 2 3 5 Treads 2 | . . 2 Leg . | . . . Wheel 8 | 2 3 3 Hover . | . . . Flight . | . . . Utility 9 | 1 3 5 Device . | . . . Storage 3 | 1 1 1 Processor . | . . . Hackware . | . . . Protection 6 | . 2 4 Artifact . | . . . Weapon 9 | 2 3 4 Energy Gun 3 | 1 1 1 Energy Cannon . | . . . Ballistic Gun 4 | 1 1 2 Ballistic Cannon 1 | . 1 . Launcher 1 | . . 1 Special Weapon . | . . . Impact Weapon . | . . . Slashing Weapon . | . . . Piercing Weapon . | . . . Special Melee Weapon . | . . . Unidentified Prototypes . | . . . Parts Lost 8 | . . 8 Power 1 | . . 1 Propulsion 3 | . . 3 Utility 3 | . . 3 Weapon 1 | . . 1 Highest Loss Streak 5 | . . 5 To Critical Strikes . | . . . Average Slot Usage (%) 97 | . 97 97 Engine 13 | . 14 13 Wheel 26 | . 28 25 Storage 14 | . 14 14 Protection 12 | . 11 13 Energy Gun 11 | . 9 13 Ballistic Gun 14 | . 14 14 Ballistic Cannon 2 | . 3 . Naked Turns . | . . . Heaviest Build 52 | 14 52 52 Greatest Support 36 | 32 32 36 Greatest Overweight (x) 2 | . 1 2 Average Overweight (x) . | . . 1 Largest Inventory Capacity 20 | 8 20 20 Average Capacity 16 | 6 13 20 Most Carried 20 | 2 13 20 Average Carried 11 | 1 8 16 Final Capacity 20 | 8 20 20 Final Carried 18 | 2 13 18 Class Distribution -------------------- 100% | Mutant Dominant Class ---------------- Mutant | -10/Materials Mutant | -10/Subcaves Resources | -11 -10 -10 ----------- Run | Yrd Mat Sub Matter Collected 983 | 150 515 318 Remotely . | . . . Salvage Created 818 | . 537 281 Parts 59 | . 38 21 Haulers Intercepted 2 | . 2 . Recyclers Shooed . | . . . Parts Field Recycled . | . . . Retrieved Matter . | . . . Parts Self-Destructed 10 | . . 10 Prevented . | . . . Kills | -11 -10 -10 ------- Run | Yrd Mat Sub Combat Hostiles Destroyed 19 | . 12 7 Guns 16 | . 9 7 Cannons 3 | . 3 . Classes Destroyed 7 | . 6 1 Worker 3 | . 3 . Hauler 2 | . 2 . Operator 1 | . 1 . Watcher 1 | . 1 . Swarmer 8 | . 6 2 Grunt 6 | . 6 . Subdweller 5 | . . 5 Best Kill Streak 5 | . 5 2 Combat Bots Only 3 | . 3 2 Max Kills in Single Turn 1 | . 1 1 Gunslinging . | . . . Exploded . | . . . Melee . | . . . Uniques/NPCs Destroyed . | . . . Combat | -11 -10 -10 -------- Run | Yrd Mat Sub Hostile Shots Fired 115 | . 54 61 Missed 31 | . 17 14 Damage Taken 1469 | . 454 1015 Core 273 | . 70 203 Absorbed by Shields . | . . . Regen/Repaired (Parts) 134 | . 134 . Core Remaining (%) 100 | 100 . . Volleys Fired 98 | . 56 42 Largest 2 | . 2 2 Hottest 75 | . 70 75 Shots Fired 195 | . 112 83 Gun 181 | . 99 82 Cannon 13 | . 13 . Launcher 1 | . . 1 Special . | . . . Kinetic 111 | . 69 42 Thermal 84 | . 43 41 Explosive . | . . . Electromagnetic . | . . . Robot Hit Streak 9 | . 8 9 Robot Miss Streak 3 | . 3 3 Penetration Max . | . . . Secondary Targets . | . . . Shots Hit Robots 124 | . 68 56 Core Hits 47 | . 30 17 Critical Kills . | . . . Critical Parts Destroyed . | . . . Critical Strikes 4 | . . 4 Burn 4 | . . 4 Melee Attacks . | . . . Impact . | . . . Slashing . | . . . Piercing . | . . . Sneak Attacks . | . . . Combat Hostiles . | . . . Follow-up Attacks . | . . . Damage Inflicted 1615 | . 879 736 Guns 1470 | . 734 736 Cannons 145 | . 145 . Explosions . | . . . Melee . | . . . Ramming . | . . . Kinetic 962 | . 600 362 Thermal 653 | . 279 374 Explosive . | . . . Electromagnetic . | . . . Impact . | . . . Slashing . | . . . Piercing . | . . . Highest Corruption 1 | . 1 1 Average Corruption 1 | . 1 1 Corruption Purged . | . . . Corruption Blocked . | . . . Effects 10 | . 2 8 Message Errors 4 | . . 4 Matter Fused 2 | . 1 1 Heat Flow Errors 1 | . . 1 Data Loss (minor) 3 | . 1 2 Overload Shots . | . . . Overflow Damage . | . . . Projectiles . | . . . Explosions . | . . . Melee . | . . . Knockbacks 2 | . 2 . Impact . | . . . Kinetic 2 | . 2 . Secondary . | . . . Self-Inflicted Damage . | . . . Shots . | . . . Rammed . | . . . Targets Rammed . | . . . Kicked . | . . . Crushed . | . . . Highest Temperature 264 | . 264 260 Average Temperature 63 | . 59 93 Received Heat Transfer 606 | . 156 450 Effects 2 | . 2 . Interference 2 | . 2 . Siege Activations . | . . . Robots Corrupted . | . . . Combat Hostiles . | . . . Parts Fried . | . . . Impact Corruptions . | . . . Robots Melted . | . . . Combat Hostiles . | . . . Parts Melted 5 | . 1 4 Heat Transferred 2220 | . 814 1406 Parts Sabotaged . | . . . Parts Stolen . | . . . Parts Stripped . | . . . Power Chain Reactions . | . . . Alert | -11 -10 -10 ------- Run | Yrd Mat Sub Peak Influence 158 | . 158 . Initial . | . . . Average 79 | . 81 . Maximum Alert Level . | . . . Low Security (%) 100 | 100 100 . Level 1 . | . . . Level 2 . | . . . Level 3 . | . . . Level 4 . | . . . Level 5 . | . . . High Security . | . . . Max Security . | . . . Squads Dispatched 2 | . 2 . Investigation 1 | . 1 . Extermination . | . . . Reinforcement 1 | . 1 . Assault . | . . . Garrison . | . . . Intercept . | . . . Searches Triggered . | . . . Construction Impeded . | . . . Haulers Reinforced . | . . . Active Scanning Responses . | . . . Cargo Convoy Interrupts . | . . . Stealth | -11 -10 -10 --------- Run | Yrd Mat Sub Distress Signals . | . . . Communications Jammed . | . . . Distress Signals . | . . . Times Spotted 31 | . 20 11 Peak Tracking Total 3 | . 3 3 Tactical Retreats . | . . . Traps | -11 -10 -10 ------- Run | Yrd Mat Sub Traps Triggered 2 | . 2 . Indirectly . | . . . Trap Hack Attempts . | . . . Triggered . | . . . Disarmed . | . . . Reprogrammed . | . . . Reused . | . . . Traps Extracted . | . . . Installed . | . . . Triggered . | . . . Machines | -11 -10 -10 ---------- Run | Yrd Mat Sub Machines Disabled . | . . . Max in Single Turn . | . . . Machines Repaired . | . . . Machines Dismantled . | . . . Machines Sabotaged . | . . . Overloaded Fab Kills . | . . . Hacking | -11 -10 -10 --------- Run | Yrd Mat Sub Machines Accessed 5 | . 5 . Terminals 4 | . 4 . Fabricators . | . . . Repair Stations 1 | . 1 . Recycling Units . | . . . Scanalyzers . | . . . Garrison Access . | . . . Total Hacks 27 | . 27 . Successful 18 | . 18 . Failed 9 | . 9 . Catastrophic 2 | . 2 . Database Lockouts . | . . . Manual . | . . . Terminals 21 | . 21 . Fabricators . | . . . Repair Stations 6 | . 6 . Recycling Units . | . . . Scanalyzers . | . . . Garrison Access . | . . . Terminal Hacks 13 | . 13 . Record 4 | . 4 . Prototype ID Bank 1 | . 1 . Level Access Points 1 | . 1 . Emergency Access Points 1 | . 1 . Locate Traps 1 | . 1 . Dispatch Records 2 | . 2 . Maintenance Status 1 | . 1 . Hauler Manifests 1 | . 1 . Zone Layout 1 | . 1 . Fabricator Hacks . | . . . Repair Station Hacks 5 | . 5 . Scan Component 3 | . 3 . Repair 2 | . 2 . Recycling Unit Hacks . | . . . Scanalyzer . | . . . Garrison Access Hacks . | . . . Unauthorized Hacks . | . . . Terminals . | . . . Fabricators . | . . . Repair Stations . | . . . Recycling Units . | . . . Scanalyzers . | . . . Garrison Access . | . . . Data Cores Recovered . | . . . Used . | . . . Hacking Detections 3 | . 3 . Full Trace Events 1 | . 1 . Feedback Events . | . . . Feedback Blocked . | . . . Robot Schematics Acquired . | . . . Robots Built . | . . . Authchips . | . . . Time . | . . . Total Robot Build Rating . | . . . Part Schematics Acquired . | . . . Parts Built . | . . . Authchips . | . . . Time . | . . . Total Part Build Rating . | . . . Parts Repaired 2 | . 2 . Time 62 | . 62 . Parts Recycled . | . . . Recycled Matter . | . . . Retrieved Matter . | . . . Retrieved Components . | . . . Parts Scanalyzed . | . . . Part Schematics Acquired . | . . . Parts Damaged . | . . . Bothacking | -11 -10 -10 ------------ Run | Yrd Mat Sub Used RIF Installer . | . . . Robots Hacked . | . . . Non-combat . | . . . Combat . | . . . Robot Hacks Applied . | . . . Relay Couplers Released . | . . . Fabnet Peak Effective % . | . . . Robots Rewired . | . . . Allies Hacked . | . . . Hacks Repelled . | . . . Allies | -11 -10 -10 -------- Run | Yrd Mat Sub Total Allies . | . . . Largest Group . | . . . Highest-Rated Group . | . . . Highest-Rated Ally . | . . . Total Orders . | . . . Ally Attacks . | . . . Total Damage . | . . . Kills . | . . . Allies Corrupted . | . . . Allies Melted . | . . . Intel | -11 -10 -10 ------- Run | Yrd Mat Sub Robot Analysis Total . | . . . Derelict Logs Recovered 1 | . . 1 Drone Launches . | . . . Drone Recoveries . | . . . Exploration | -11 -10 -10 ------------- Run | Yrd Mat Sub Turns Passed 2416 | 41 1422 953 Spaces Moved 1500 | 32 806 662 Core 4 | 4 . . Treads 1 | . . 1 Legs . | . . . Wheels 1495 | 28 806 661 Hover . | . . . Flight . | . . . Fastest Speed 50 | 50 90 115 Average Speed 109 | 93 102 117 Slowest Speed 360 | 100 115 360 Overloaded Moves . | . . . Propulsion Burnouts . | . . . Robots Hopped . | . . . Cave-ins Triggered . | . . . Exploration Rate (%) 45 | 3 96 37 Regions Visited 2 Branch Regions 1 Pre-discovered Areas . | . . . Known Exits Taken . | . . . Unknown Exits Taken 2 | 1 1 . Scrap Searched 11 | . . 11 Spaces Dug . | . . . Terrain Destroyed 14 | . . 14 Melee . | . . . Projectile . | . . . AOE 14 | . . 14 Terrain Rammed . | . . . Walls Destroyed . | . . . Machines Disabled . | . . . Actions | -11 -10 -10 --------- Run | Yrd Mat Sub Total 2084 | 39 1287 758 Wait 421 | . 398 23 Move 1498 | 31 805 662 Hop . | . . . Pick Up 24 | 2 12 10 Fast Attach 8 | 6 1 1 Attach 7 | . . 7 Detach . | . . . Swap 20 | . 10 10 Drop 8 | . 5 3 Fire 98 | . 56 42 Melee . | . . . Ram . | . . . Kick . | . . . Crush . | . . . Escape Stasis . | . . . Rewire . | . . . Trap . | . . . Miscellaneous . | . . . Route ------- -11/Scrapyard -10/Materials (discovered 5 exits: *Mat x3 / [*Min] / [*Sub]) -10/Subcaves History --------- Turn | Location | Event 15 | -11/Scrapyard | Discovered new exit (range 15) 42 | -11/Scrapyard | Entered Materials 125 | -10/Materials | Identified exit to Materials 318 | -10/Materials | Build established: Mutant 738 | -10/Materials | Discovered new exit (range 13) 874 | -10/Materials | Repaired Lgt. Armor Plating 921 | -10/Materials | Repaired Broken Assault Rifle 1452 | -10/Materials | Discovered new exit (range 7) 1464 | -10/Materials | Entered Subcaves 2220 | -10/Subcaves | Core integrity fell below 50% 2282 | -10/Subcaves | Core integrity fell below 20% 2302 | -10/Subcaves | Lost 5 parts (3n1u1w) 2394 | -10/Subcaves | Shifting Twisted Machinery released Sub. Power Source 2403 | -10/Subcaves | Ambushed by Subdwellers from Twisted Machinery 2417 | -10/Subcaves | Destroyed by KT-M8R(R) with Subdweller Beam Cannon Last Messages --------------- 02326_ Found 32 Matter. 02344_ Searching scrap... 02344_ Found Sub. Power Source. 02344_ Found 33 Matter. 02348_ Searching scrap... 02348_ Found Sub. Power Source. 02348_ Found 37 Matter. 02358_ Searching scrap... 02358_ Found Spk. Treads. 02358_ Found 22 Matter. 02361_ Dropped Spk. Treads. 02361_ Acquired Spk. Treads. 02370_ Acquired 22 matter. 02379_ Acquired 8 matter. Sub. Power Source falls loose from the Twisted Machinery. 02399_ Dropped Sub. Power Source. 02403_ KT-M8R(R) emerges from the Twisted Machinery. 02407_ Critical hit (Meltdown: +270). 02409_ Lgt. Armor Plating destroyed. 02416_ K7-S90(R) suffers critical hit (Burn). Map ----- +----------------------------------------------------+ | #????????????????????????????????????????????????? | | #?????########??####?????????????????????????????? | | #????##%" "#?##%"##????????????????????????????? | | #????# ! " ###"*""#????????????????????????????? | | #????# ]# *%#????????????????????????????? | | #????# " "][#%# ""##????????????????????????????? | | #????##"[ &%### ####?????????????????????????????? | | #?????### & ### "##????????????????????????????? | | #????##%% %& "#????????????????????????????? | | #????#" ! &##### #????????????????????????????? | | #????# ^ # ##????????????????????????????? | | ?????##" % ## "#?????????????????????????????? | | ##????##"" ##% ####?????????????????????????????? | | #??########" ###??????????????????????????????? | | #?## ### " #####??????????????????????????? | | ### # #??????????????????????????? | | "###????????????????????????? | | "#""###?????????????????????? | | """"" #?????????????????????? | | ### # ### """"" ???""?????????????????? | | ###?# ##?## ## ""#??""#?????????????????? | | ???## ###???# ###""#?#"##?????????????????? | | ???# ## #???## "#*" ## "###???????????????? | | ???# #????##" "* "" " #???????????????? | | ???# #?????##" # R" " #???????????????? | | ???## #### ##??????#### @ R """"???????????????? | | ????####???##??????????###;### #?????????????? | | ??????????????????????????##???? # #?????????????? | | ?????????????????????????????????????????????????? | | ?????????????????????????????????????????????????? | | ?????????????????????????????????????????????????? | | ?????????????????????????????????????????????????? | | ?????????????????????????????????????????????????? | | ?????????????????????????????????????????????????? | | ?????????????????????????????????????????????????? | | ?????????????????????????????????????????????????? | | ?????????????????????????????????????????????????? | | ?????????????????????????????????????????????????? | | ?????????????????????????????????????????????????? | | ?????????????????????????????????????????????????? | | ?????????????????????????????????????????????????? | | ?????????????????????????????????????????????????? | | ?????????????????????????????????????????????????? | | ?????????????????????????????????????????????????? | | ?????????????????????????????????????????????????? | | ?????????????????????????????????????????????????? | | ?????????????????????????????????????????????????? | | ?????????????????????????????????????????????????? | | ?????????????????????????????????????????????????? | | ?????????????????????????????????????????????????? | +----------------------------------------------------+ Best States ------------- Heat Dissipation 25 Energy Generation 15 Energy Capacity 250 Matter Stores 300 Matter Capacity 300 Sight Range 16 Terrain Scan Density 10 Armor Coverage 150 Evasion (%) 42 Recoil Reduction 1 Item Schematics ----------------- None Robot Schematics ------------------ None Fabricated ------------ Nothing Alien Tech Used ----------------- None Achievements -------------- None Challenges ------------ None Game ------ Seed BeamIntegratedFacilitator Manual? 0 Play Time 00:22:24 Cumulative 198.3 hours Start 2024.03.24 @ 09:15:11 End 2024.03.24 @ 09:34:31 Sessions 1 Manual Loads 0 Difficulty Rogue Special Mode None Game No. 146 Rogue 134 Adventurer 12 Explorer 0 Win Type - Total 1 Types 1/0/0/0/0/0/0/0/0 Lore% 26 Gallery% 43 Achievement% 32 Wizard Run 0 Options --------- Layout 1 ASCII 0 Keyboard 0 Movement Mouse Keybinds 0 Fullscreen 1 Font 32/SmallcapsGlow Map View 77x35 Zoom Use 0% Tactical HUD 1 Map Filters NONE Filters NONE Steam 1 RUN: 7f186214-8ec6-446b-a0fa-7fccfb2d8281